 Dungeon Crawl Stone Soup version 0.26-a0-670-g578ab304f5 (webtiles) character file.

Game seed: 15046286639599287635

63 Kinoniko the Skirmisher (level 3, -1/33 HPs)
             Began as a Draconian Berserker on Oct 19, 2020.
             Was a Believer of Trog.
             Slain by a gnoll
             ... wielding a +0 club
              (4 damage)
             ... on level 2 of the Dungeon.
             The game lasted 00:01:20 (1310 turns).

Kinoniko the Skirmisher (Draconian Berserker)       Turns: 1310, Time: 00:01:20

Health: -1/33      AC:  6    Str: 20    XL:     3   Next: 89%
Magic:  3/3        EV: 13    Int:  7    God:    Trog [**....]
Gold:   47         SH:  0    Dex: 10    Spells: 2/2 levels left

rFire    . . .     SeeInvis .   a - +0 spear
rCold    . . .     Faith    .   (no shield)
rNeg     . . .     Spirit   .   (armour unavailable)
rPois    .         Reflect  .   (helmet restricted)
rElec    .         Harm     .   (no cloak)
rCorr    .         Rampage  .   (no gloves)
MR       .....                  b - +0 pair of boots
Stlth    +.........             (no amulet)
HPRegen  0.11/turn              (no ring)
MPRegen  0.08/turn              (no ring)

@: berserk cooldown, slowed, very slow
A: unfitting armour, cold-blooded, AC +5
a: Berserk, Trog's Hand, Renounce Religion


You were on level 2 of the Dungeon.
You worshipped Trog.
Trog was pleased with you.
You visited 1 branch of the dungeon, and saw 2 of its levels.

You collected 47 gold pieces.

Inventory:

Hand Weapons
 a - a +0 spear (weapon)
Armour
 b - a +0 pair of boots (worn)
Scrolls
 c - a scroll of remove curse {unknown}
 d - 3 scrolls of enchant armour {unknown}
 e - a scroll of identify {unknown}
 f - a scroll of enchant weapon {unknown}
Potions
 g - a potion of brilliance {unknown}
 h - a potion of flight {unknown}
 i - a potion of stabbing {unknown}


   Skills:
 + Level 3.9 Fighting
 + Level 3.7 Polearms
 + Level 3.2 Dodging
 + Level 0.8 Stealth


You had 2 spell levels left.
You didn't know any spells.
Your spell library was empty.

Dungeon Overview and Level Annotations

Branches:
Dungeon (2/15)

Altars:


Innate Abilities, Weirdness & Mutations

Your plain brown scales are hard. (AC +5)
You cannot fit into any form of body armour.
You are cold-blooded and may be slowed by cold attacks.


Message History

You barely miss the gnoll.
The gnoll is almost dead.
The gnoll barely misses you. The gnoll hits you with a +0 club.
* * * LOW HITPOINT WARNING * * *
The hobgoblin hits you but does no damage.
The dart slug launches a dart at you. The slug dart hits you.
* * * LOW HITPOINT WARNING * * *
The gnoll hits you but does no damage.
You hit the gnoll but do no damage. You tail-slap the gnoll.
You kill the gnoll!
Trog accepts your kill.
The hobgoblin hits you but does no damage.
The dart slug barely misses you. The gnoll misses you.
The hobgoblin misses you.
Unknown command.
Unknown command.
Unknown command.
The gnoll hits you with a +0 club.
You die...

......#. ###
$....... ###..
.......
.....###....##
#(...........##.
#............?
#....)g...####
##...g.@.......
#....†.w...####
...(........#
..#............
. #.........##..
#.........# .
#.........#
##.######## ..


You could see a gnoll, a dart slug and a hobgoblin.

Vanquished Creatures
  2 gnolls (D:2)
  An ooze (D:1)
  A dart slug (D:1)
  3 leopard geckos (D:1)
  4 bats (D:1)
  2 giant cockroaches (D:1)
  A goblin (D:1)
  3 hobgoblins
  8 jackals (D:1)
  5 kobolds (D:1)
  A ball python (D:1)
  A frilled lizard (D:1)
32 creatures vanquished.

Notes
Turn   | Place    | Note
-------+----------+-------------------------------------------
     0 | D:1      | Kinoniko the Draconian Berserker began the quest for the
                  | Orb.
     0 | D:1      | Reached XP level 1. HP: 19/19 MP: 1/1
   231 | D:1      | Reached XP level 2. HP: 26/26 MP: 2/2
   827 | D:1      | Reached XP level 3. HP: 33/33 MP: 3/3
  1079 | D:1      | Reached ** piety under Trog
  1310 | D:2      | Slain by a gnoll

Illustrated notes

Levels and vault maps discovered:
D:1:      nzn_arrival_settlement, layout_loops_corners,
          minmay_misc_feat_encased, minmay_stone_trees_medium
D:2:      layout_rooms, chequers_ecumenical_altar_grove,
          kennysheep_generic_room_14

Skill      XL: |  1  2 |
---------------+-------+-----
Dodging        | 3 |  3.2
Fighting       | |  3.9
Polearms       | |  3.7
Stealth        | |  0.8

Action                   || total
-------------------------++-------
Melee: Spear             ||   139
       Tailslap          ||    13
Invok: Berserk           ||     3
 Stab: Sleeping          ||     3
Armor: Skin              ||    34
Dodge: Dodged            ||    91

Table legend: (Time is in decaauts)
 A = Elapsed time spent in this place.
 B = Non-inter-level travel time spent in this place.
 C = Inter-level travel time spent in this place.
 D = Time resting spent in this place.
 E = Time spent auto-exploring this place.
 F = Levels seen in this place.
 G = Mean time per level.
                   A        B        C        D        E       F      G
               +--------+--------+--------+--------+--------+-----+--------+
         Total |   1319 |   1286 |     33 |    218 |    854 |   2 |  659.5 |
       Dungeon |   1319 |   1286 |     33 |    218 |    854 |   2 |  659.5 |
               +--------+--------+--------+--------+--------+-----+--------+

Top non-repeatable levels by time:
     D:1: 1297 daAuts
     D:2: 21 daAuts
